 Dungeon Sprint DCSS version 0.31-a0-37-g98a128e1d9 (webtiles) character file.

Game seed: 5105406604641417628

1654 bmack86 the Severer (level 8, 0/83 HPs)
             Began as a Minotaur Berserker on May 14, 2023.
             Was an Elder of Trog.
             Slain by a demonic crawler (14 damage)
             ... in the Dungeon (Sprint I: "Red Sonja").
             The game lasted 00:05:16 (419 turns).

bmack86 the Severer (Minotaur Berserker)             Turns: 419, Time: 00:05:18

Health: 0/83       AC: 12    Str: 24    XL:     8   Next: 68%
Magic:  7/7        EV:  9    Int:  4    God:    Trog [****..]
Gold:   509        SH:  0    Dex: 10    Spells: 7/7 levels left

rFire   . . .        j - +1 scythe (vamp)
rCold   . . .        (shield currently unavailable)
rNeg    . . .        i - +0 chain mail
rPois   .            (helmet restricted)
rElec   .            (no cloak)
rCorr   .            (no gloves)
SInv    .            (no boots)
Will    .....        (no amulet) Stlth
                     (no ring)
HPRegen 0.33/turn    (no ring)
MPRegen 0.10/turn

%: no teleportation
@: on berserk cooldown, slowed, very slow
A: horns 2, retaliatory headbutt
a: Renounce Religion, Berserk, Trog's Hand, Brothers in Arms


You were in the Dungeon.
You worshipped Trog.
Trog was greatly pleased with you.
You visited 1 branch You collected 605 gold pieces.
You spent 96 gold pieces at shops.

Inventory:

Hand Weapons
 a - a +0 hand axe
 j - a +1 vampiric scythe (weapon)
Missiles
 n - 5 boomerangs (quivered)
Armour
 b - a +0 animal skin
 i - a +0 chain mail (worn)
 m - a +0 scale mail
Wands
 e - a wand of digging (4)
Scrolls
 h - a scroll of blinking
 k - a scroll of magic mapping {unknown}
 l - a scroll of vulnerability {unknown}
Potions
 c - a potion of curing
 d - a potion of heal wounds
 f - 2 potions of magic
 g - a potion of berserk rage


   Skills:
 + Level 12.2 Fighting
 * Level 16.5 Axes
 + Level 11.9 Armour
 - Level 2.1 Dodging


You had 7 spell levels left.
You didn't know any spells.
Your spell library was empty.

Dungeon Overview and Level Annotations

Branches:
Dungeon (1/1)

Altars:
Cheibriados
Dithmenos
Elyvilon
Fedhas
Gozag
Hepliaklqana
Kikubaaqudgha
Makhleb
Nemelex Xobeh
Okawaru
Qazlal
Ru
Sif Muna
Trog
Uskayaw
Vehumet
Wu Jian
Xom
Yredelemnul
Zin
The Shining One
Jiyva
Lugonu

Shops:
D [


Innate Abilities, Weirdness & Mutations

You have a pair of horns on your head.
You reflexively headbutt those who attack you in melee.


Message History

Found 27 gold pieces.
You see here a +0 shortbow.
Found 27 gold pieces.
You feel a strong urge to attack something.
You feel your anger nearly subside.
You are no longer berserk.
You are exhausted.
You feel yourself slow down.
You now have 401 gold pieces (gained 27).
You now have 428 gold pieces (gained 27).
Found 27 gold pieces.
You now have 455 gold pieces (gained 27).
You now have 482 gold pieces (gained 27).
You now have 509 gold pieces (gained 27).
You open the door. 4 demonic crawlers come into view.
The demonic crawler moves out of view. x2
You slice the demonic crawler!!
The demonic crawler is moderately wounded.
The demonic crawler completely misses you.
The demonic crawler barely misses you.
The demonic crawler hits you but does no damage.
The demonic crawler barely misses you. x2
The demonic crawler hits you but does no damage. x2
The demonic crawler barely misses you. The demonic crawler hits you! x2
The demonic crawler closely misses you.
The demonic crawler hits you but does no damage.
Unknown command.
You puncture the demonic crawler!
You headbutt the demonic crawler, but do no damage.
The demonic crawler is moderately wounded.
The demonic crawler gives a hideous shriek!
The demonic crawler barely misses you. You furiously retaliate!
You headbutt the demonic crawler. The demonic crawler hits you.
The demonic crawler barely misses you. The demonic crawler hits you!
The demonic crawler barely misses you. The demonic crawler hits you!
* * * LOW HITPOINT WARNING * * *
The demonic crawler hits you!
* * * LOW HITPOINT WARNING * * *
The demonic crawler hits you!
You die...

#####################
..#__#..).....§§..§.+
..'..'..#)..##+#§####
#'#__####...+.s#s#
#.#### #####.ss@# #.#
#+#### _.+ ._# #'#
#.# ###


You could see 4 demonic crawlers.

Vanquished Creatures
  A lindwurm (D)
  2 kobold demonologists (D)
  A slime creature (D)
  Sigmund (D)
  A yak (D)
  A floating eye (D)
  An ogre (D)
  A jelly (D)
  Ijyb (D)
10 creatures vanquished.

Notes
Turn   | Place    | Note
-------+----------+-------------------------------------------
     0 | D        | bmack86 the Minotaur Berserker began the quest for the Orb.
     0 | D        | Reached XP level 1. HP: 19/19 MP: 0/0
     4 | D        | Noticed Ijyb
     7 | D        | Killed Ijyb
     8 | D        | Reached skill level 5 in Fighting
     8 | D        | Reached skill level 6 in Axes
     8 | D        | Reached XP level 2. HP: 29/29 MP: 1/1
    65 | D        | Noticed an ogre
    69 | D        | Killed an ogre
    70 | D        | Reached skill level 8 in Axes
    70 | D        | Reached skill level 5 in Armour
    70 | D        | Reached XP level 3. HP: 38/38 MP: 2/2
    70 | D        | Reached XP level 4. HP: 45/45 MP: 3/3
   105 | D        | Noticed Sigmund
   110 | D        | Killed Sigmund
   110 | D        | Reached ** piety under Trog
   111 | D        | Reached skill level 11 in Axes
   111 | D        | Reached XP level 5. HP: 53/53 MP: 4/4
   134 | D        | Found a burning altar of Makhleb.
   134 | D        | Found a viscous altar of Jiyva.
   134 | D        | Found a shimmering altar of Xom.
   134 | D        | Found a corrupted altar of Lugonu.
   134 | D        | Noticed a slime creature
   141 | D        | Killed a slime creature
   142 | D        | Reached skill level 12 in Axes
   142 | D        | Reached XP level 6. HP: 47/63 MP: 5/5
   180 | D        | Found an ornate altar of the Wu Jian Council.
   180 | D        | Found a shimmering blue altar of Sif Muna.
   182 | D        | Found a radiant altar of Vehumet.
   217 | D        | Found Keqatets's Antique Armour Emporium.
   217 | D        | Found an ancient bone altar of Kikubaaqudgha.
   217 | D        | Found a hazy altar of Hepliaklqana.
   217 | D        | Found a stormy altar of Qazlal.
   217 | D        | Found a hide-covered altar of Uskayaw.
   217 | D        | Found a blossoming altar of Fedhas.
   217 | D        | Found a bloodstained altar of Trog.
   217 | D        | Found an iron altar of Okawaru.
   217 | D        | Found a basalt altar of Yredelemnul.
   217 | D        | Found a glowing golden altar of the Shining One.
   217 | D        | Found a snail-covered altar of Cheibriados.
   217 | D        | Found a sacrificial altar of Ru.
   217 | D        | Found a glowing silver altar of Zin.
   217 | D        | Found a shadowy altar of Dithmenos.
   217 | D        | Found a white marble altar of Elyvilon.
   217 | D        | Noticed a yak
   221 | D        | Killed a yak
   222 | D        | Reached skill level 10 in Fighting
   222 | D        | Reached skill level 13 in Axes
   222 | D        | Reached XP level 7. HP: 71/72 MP: 6/6
   222 | D        | Found an opulent altar of Gozag.
   223 | D        | Found a sparkling altar of Nemelex Xobeh.
   227 | D        | Bought a scale mail for 96 gold pieces
   253 | D        | Noticed a kobold demonologist
   253 | D        | Noticed a kobold demonologist
   254 | D        | Paralysed by a floating eye for 4 turns
   258 | D        | Reached *** piety under Trog
   259 | D        | Reached skill level 10 in Armour
   261 | D        | Noticed a soul eater
   261 | D        | Noticed a soul eater
   262 | D        | Noticed a rust devil
   262 | D        | Killed a kobold demonologist
   263 | D        | Reached skill level 14 in Axes
   264 | D        | Killed a kobold demonologist
   264 | D        | Reached **** piety under Trog
   265 | D        | Reached skill level 15 in Axes
   265 | D        | Reached XP level 8. HP: 82/82 MP: 7/7
   393 | D        | Noticed a lindwurm
   401 | D        | Killed a lindwurm
   402 | D        | Reached skill level 16 in Axes
   417 | D        | Noticed a demonic crawler
   417 | D        | Noticed a demonic crawler
   417 | D        | Noticed a demonic crawler
   417 | D        | Noticed a demonic crawler
   419 | D        | Slain by a demonic crawler

Illustrated notes

Levels and vault maps discovered:
D:        dungeon_sprint_1 [red_sonja_temple_1, red_sonja_temple_small_1]

Skill      XL: |  1  2  3  4  5  6  7  8 |
---------------+-------------------------+-----
Fighting       | 5 6 8 9 10 11 12 | 12.2
Axes           | 6 8 11 12 13 15 16 | 16.5
Armour         | 4 5 7 8 9 11 | 11.9
Dodging        | |  2.1

Action                     |  1- 3 |  4- 6 |  7- 9 || total
---------------------------+-------+-------+-------++-------
  Melee: Hand axe          |     5 |     3 |       ||     8
         Headbutt          |     1 |     4 |     3 ||     8
         Punch             |     1 |       |       ||     1
         Halberd           |       |    12 |    15 ||    27
 Invoke: Berserk           |     2 |     2 |     2 ||     6
  Evoke: Wand              |       |       |     2 ||     2
    Use: Potion            |     1 |       |       ||     1
 Armour: Chain mail        |       |     4 |     9 ||    13
  Dodge: Dodged            |     1 |     1 |    14 ||    16

Table legend: (Time is in decaauts)
 A = Elapsed time spent in this place.
 B = Non-inter-level travel time spent in this place.
 C = Inter-level travel time spent in this place.
 D = Time resting spent in this place.
 E = Time spent auto-exploring this place.
 F = Levels seen in this place.
 G = Mean time per level.
                   A        B        C        D        E       F      G
               +--------+--------+--------+--------+--------+-----+--------+
         Total |    451 |    451 |      0 |    163 |      0 |   1 |  451.0 |
       Dungeon |    451 |    451 |      0 |    163 |      0 |   1 |  451.0 |
               +--------+--------+--------+--------+--------+-----+--------+

Top non-repeatable levels by time:
       D: 451 daAuts
